 Dungeon Crawl Stone Soup version 0.30-a0-459-g9104f0fc43 (webtiles) character file.

Game seed: 10448991559573056404

81 Monkooky the Chopper (level 4, -5/40 HPs)
             Began as a Hill Orc Monk on Dec 16, 2022.
             Was a Priest of Kikubaaqudgha.
             Killed by divine providence
             ... invoked by an orc priest
              (12 damage)
             ... on level 3 of the Dungeon.
             The game lasted 00:04:35 (2594 turns).

Monkooky the Chopper (Hill Orc Monk)                Turns: 2594, Time: 00:04:35

Health: -5/40      AC:  3    Str: 13    XL:     4   Next: 40%
Magic:  5/5        EV: 12    Int: 12    God:    Kikubaaqudgha [***...]
Gold:   121        SH:  0    Dex: 13    Spells: 2/5 levels left

rFire   . . .      SeeInvis +    a - +0 hand axe
rCold   . . .      Faith    .    (no shield)
rNeg    . . .      Spirit   .    b - +0 robe
rPois   .          Reflect  .    (no helmet)
rElec   .          Harm     .    l - +0 cloak
rCorr   .          Rampage  .    (no gloves)
Will    .....                    (no boots)
Stlth   +.........               (no amulet)
HPRegen 0.26/turn                i - +4 ring of slaying
MPRegen 0.09/turn                d - ring of see invisible

@: confused, ambrosia-drunk
A: no striking features
a: Renounce Religion, Convert to Beogh, Unearth Wretches


You were on level 3 of the Dungeon.
You worshipped Kikubaaqudgha.
Kikubaaqudgha was most pleased with you.
You visited 1 branch of the dungeon, and saw 3 of its levels.

You collected 121 gold pieces.

Inventory:

Hand Weapons
 a - a +0 hand axe (weapon)
 h - a +0 morningstar
Armour
 b - a +0 robe (worn)
 l - a +0 cloak (worn)
Jewellery
 d - a ring of see invisible (right hand)
 i - a +4 ring of slaying (left hand)
Wands
 n - a wand of paralysis (11)
Scrolls
 g - a scroll of torment {unknown}
 j - a scroll of magic mapping {unknown}
 k - a scroll of identify {unknown}
Potions
 e - a potion of curing {unknown}
 f - 2 potions of degeneration {unknown}
 m - a potion of attraction {unknown}


   Skills:
 - Level 3.7 Fighting
 - Level 4.0 Axes
 - Level 2.4 Dodging
 - Level 1.5 Stealth
 - Level 1.3 Spellcasting
 + Level 3.1 Necromancy


You had 2 spell levels left.
You knew the following spells:

 Your Spells              Type           Power      Damage    Failure   Level
a - Vampiric Draining     Necr           8%         2d6       24%         3

Your spell library contained the following spells:

 Spells                   Type           Power      Damage    Failure   Level
 Necrotise                Necr           32%        1d5       9%          1
 Sublimation of Blood     Necr           8%         N/A       12%         2
 Cigotuvi's Dreadful Rot  Necr/Pois/Air  6%         N/A       28%         2
 Dispel Undead            Necr           8%         3d8       63%         4
 Anguish                  Hex/Necr       2%         N/A       83%         4
 Agony                    Necr           8%         N/A       92%         5
 Death Channel            Necr           4%         N/A       100%        6
 Simulacrum               Ice/Necr       2%         N/A       100%        6


Dungeon Overview and Level Annotations

Branches:
Dungeon (3/15)

Altars:
Kikubaaqudgha


Message History

The orc closely misses you.
The orc priest calls upon Beogh to heal the orc.
The orc is healed somewhat.
You hit the orc.
The orc is severely wounded.
The orc misses you.
You closely miss the orc.
The orc is severely wounded.
The orc hits you but does no damage.
You closely miss the orc.
The orc is severely wounded.
The orc closely misses you.
You slash the orc!
You kill the orc!
Kikubaaqudgha accepts your kill.
The orc priest mumbles some strange prayers to Beogh against you.
Beogh smites you!
* * * LOW HITPOINT WARNING * * *
The orc priest hits you with a +0 club.
* * * LOW HITPOINT WARNING * * *
Things that are here:
a +0 short sword; a +0 leather armour You hit the orc priest but do no damage.
The orc priest hits you with a +0 club.
* * * LOW HITPOINT WARNING * * *
The orc priest hits you with a +0 club.
* * * LOW HITPOINT WARNING * * *
Unknown command.
You are confused.
You feel invigorated. The orc priest misses you.
You hit the orc priest.
The orc priest is moderately wounded.
The orc priest invokes the aid of Beogh against you.
Beogh smites you!
* * * LOW HITPOINT WARNING * * *
You're too confused to move!
The orc priest calls down the wrath of Beogh upon you.
Beogh smites you!
You die...
Kikubaaqudgha rasps: "You have failed me!
Welcome... death!"

#####.#######.#
..............####
.................#
......##########.#
.###### #.# .# #.#
.## #.# ..# #.#
..# #@# #.# #o#
#.# #o# #.########
#o# #.....<..# #o.
#.######.# ##.
#........# .
#.######## .# #.#


You could see an orc priest and 3 orcs.

Vanquished Creatures
  3 adders
  3 worms
  A dart slug (D:3)
  An orc (D:3)
  A bat (D:2)
  4 endoplasms
  A giant cockroach (D:2)
  7 goblins
  A hobgoblin (D:3)
  4 kobolds
  A quokka (D:2)
  3 ball pythons (D:1)
  9 frilled lizards
  5 rats
44 creatures vanquished.

Notes
Turn   | Place    | Note
-------+----------+-------------------------------------------
     0 | D:1      | Monkooky the Hill Orc Monk began the quest for the Orb.
     0 | D:1      | Reached XP level 1. HP: 19/19 MP: 1/1
   142 | D:1      | Found a faded altar of an unknown god.
   152 | D:1      | Prayed at the altar of an unknown god.
   152 | D:1      | Became a worshipper of Kikubaaqudgha
   152 | D:1      | Reached * piety under Kikubaaqudgha
   152 | D:1      | Received a gift from Kikubaaqudgha
   152 | D:1      | Reached ** piety under Kikubaaqudgha
   250 | D:1      | Reached skill level 1 in Necromancy
   276 | D:1      | Reached *** piety under Kikubaaqudgha
   276 | D:1      | Received a gift from Kikubaaqudgha
   410 | D:1      | Reached XP level 2. HP: 27/27 MP: 2/2
  1145 | D:2      | Reached skill level 1 in Spellcasting
  1145 | D:2      | Reached XP level 3. HP: 33/33 MP: 4/4
  1149 | D:2      | Learned a level 3 spell: Vampiric Draining
  1977 | D:3      | Reached XP level 4. HP: 32/40 MP: 1/5
  2591 | D:3      | HP: 2/40 [orc priest/+0 club (4)]
  2594 | D:3      | Killed from afar by an orc priest

Illustrated notes

Levels and vault maps discovered:
D:1:      dpeg_arrival_simpleton_a, layout_basic,
          chequers_ecumenical_altar_simple
D:2:      layout_basic
D:3:      layout_loops_ring

Skill      XL: |  1  2  3  4 |
---------------+-------------+-----
Necromancy     | 1 2 3 |  3.1
Spellcasting   | 1 |  1.3
Fighting       | |  3.7
Axes           | |  4.0
Dodging        | |  2.4
Stealth        | |  1.5

Action                   |  1- 3 |  4- 6 || total
-------------------------+-------+-------++-------
Melee: Hand axe          |   128 |    30 ||   158
       Punch             |     1 |     1 ||     2
 Cast: Vampiric Draining |     3 |     1 ||     4
  Use: Potion            |       |     1 ||     1
 Stab: Sleeping          |     6 |     2 ||     8
       Distracted        |     1 |       ||     1
Armor: Robe              |    16 |     8 ||    24
Dodge: Dodged            |    74 |    13 ||    87

Table legend: (Time is in decaauts)
 A = Elapsed time spent in this place.
 B = Non-inter-level travel time spent in this place.
 C = Inter-level travel time spent in this place.
 D = Time resting spent in this place.
 E = Time spent auto-exploring this place.
 F = Levels seen in this place.
 G = Mean time per level.
                   A        B        C        D        E       F      G
               +--------+--------+--------+--------+--------+-----+--------+
         Total |   2608 |   2515 |     93 |     77 |   2051 |   3 |  869.3 |
       Dungeon |   2608 |   2515 |     93 |     77 |   2051 |   3 |  869.3 |
               +--------+--------+--------+--------+--------+-----+--------+

Top non-repeatable levels by time:
     D:1: 1138 daAuts
     D:2: 761 daAuts
     D:3: 708 daAuts
